 Dungeon Crawl Stone Soup version 0.31-a0-828-gb7646bb5e3 (webtiles) character file.

Game seed: 9153474179141760658

8504 Conn the Destroyer (level 11, -12/61 HPs)
             Began as an Octopode Fire Elementalist on Sept 24, 2023.
             Was a Priest of Sif Muna.
             Mangled by a wizard
             ... wielding a staff of cold
              (14 damage)
             ... on level 9 of the Dungeon.
             The game lasted 00:33:24 (10973 turns).

Conn the Destroyer (Octopode Fire Elementalist)    Turns: 10973, Time: 00:33:31

Health: -12/61     AC:  1    Str:  8    XL:     11   Next: 31%
Magic:  12/22      EV: 20    Int: 21    God:    Sif Muna [***...]
Gold:   165        SH:  0    Dex: 13    Spells: 8/25 levels left

rFire   . . .        l - +2 dagger (protect)
rCold   . . .        (no shield)
rNeg    . . .        (helmet restricted)
rPois   .            (no amulet)
rElec   .            t - ring of flight
rCorr   .            x - +5 ring of evasion
SInv    .            (no ring)
Will    .....        (no ring)
Stlth   ++++         (no ring)
HPRegen 0.30/turn    (no ring)
MPRegen 0.18/turn    (no ring)
                     (no ring)

%: no passive effects
@: flying, invisible
A: almost no armour, amphibious, 8 rings, camouflage 1, gelatinous body 1,
(nimble swimmer 1), tentacles
a: Renounce Religion, Channel Magic, Forget Spell


You were on level 9 of the Dungeon.
You worshipped Sif Muna.
Sif Muna was most pleased with you.
You visited 2 branches of the dungeon, and saw 10 of its levels.
You also visited: Sewer.

You collected 433 gold pieces.
You spent 268 gold pieces at shops.

Inventory:

Hand Weapons
 h - a +0 short sword of electrocution
 l - a +2 dagger of protection (weapon)
Missiles
 q - 2 throwing nets
Jewellery
 t - a ring of flight (left tentacle)
 x - a +5 ring of evasion (right tentacle)
Wands
 o - a wand of digging (10)
 u - a wand of polymorph (18)
 z - a wand of light (4)
Scrolls
 d - 4 scrolls of teleportation
 f - a scroll of immolation
 s - a scroll of fog
 w - a scroll of blinking
 y - a scroll of torment {unknown}
Potions
 a - a potion of magic
 b - a potion of berserk rage {unknown}
 e - 2 potions of invisibility
 g - a potion of mutation
 i - 2 potions of might
 j - 3 potions of brilliance {unknown}
 k - 2 potions of lignification {unknown}
 m - 2 potions of cancellation
 n - a potion of enlightenment {unknown}
 p - a potion of degeneration {unknown}
 r - 2 potions of ambrosia {unknown}


   Skills:
 + Level 6.5 Dodging
 - Level 6.0 Stealth
 * Level 7.6 Spellcasting
 * Level 8.1 Conjurations
 - Level 3.5 Hexes
 * Level 4.4 Translocations
 * Level 4.8 Transmutations
 + Level 6.8 Fire Magic
 * Level 4.6 Invocations


You had 8 spell levels left.
You knew the following spells:

 Your Spells              Type           Power      Damage    Failure   Level
a - Foxfire               Conj/Fire      100%       2x1d9     1%          1
b - Scorch                Fire           72%        2d8       1%          2
c - Inner Flame           Hex/Fire       29%        N/A       3%          3
d - Flame Wave            Conj/Fire      39%        2d11      3%          4
e - Blink                 Tloc           52%        N/A       1%          2
f - Irradiate             Conj/Tmut      17%        3d17      16%         5

Your spell library contained the following spells:

 Spells                   Type           Power      Damage    Failure   Level
 Lesser Beckoning         Tloc           52%        N/A       1%          2
 Momentum Strike          Conj/Tloc      68%        3d9       1%          2
 Wereblood                Tmut           28%        N/A       1%          2
 Volatile Blastmotes      Fire/Tloc      62%        2d15      2%          3
 Gell's Gravitas          Tloc           26%        N/A       4%          3
 Teleport Other           Tloc           26%        N/A       4%          3
 Alistair's Intoxication  Tmut/Pois      12%        N/A       65%         5
 Silence                  Hex/Air        7%         N/A       75%         5


Dungeon Overview and Level Annotations

Branches:
Dungeon (9/15)             Temple (1/1) D:5            Lair (0/5) D:8
  Sewer (visited)
    Orc: D:9-12

Altars:
Ashenzari
Cheibriados
Dithmenos
Elyvilon
Fedhas
Gozag
Hepliaklqana
Kikubaaqudgha
Makhleb
Nemelex Xobeh
Qazlal
Ru
Sif Muna
Uskayaw
Vehumet
Xom
Yredelemnul
Zin
The Shining One

Shops:
D:4 *:   D:5 [


Innate Abilities, Weirdness & Mutations

You cannot wear most types of armour.
You are amphibious.
You can wear up to eight rings at the same time.
Your skin changes colour to match your surroundings (Stealth+).
Your rubbery body absorbs attacks. (AC +1, EV +1)
((You are camouflaged when in or above water. (Stealth+)))
You have tentacles for arms and can constrict up to eight enemies at once.


Message History

Press: ? - help, v - describe, . - travel
Here: a wizard, wielding a staff of cold and wearing a +0 robe (blue smoke)
The floor, spattered with blood.
Unknown command.
Unknown command.
Okay, then.
Unknown command.
Unknown command.
You feel better.
An orc wizard comes into view. It is wielding a +0 dagger.
The wizard hits you with a staff of cold.
The wizard freezes you.
* * * LOW HITPOINT WARNING * * *
You fade into invisibility!
The wizard barely misses you.
Okay, then.
You feel better.
A basilisk comes into view.
The orc wizard completely misses you.
The wizard hits you with a staff of cold.
The wizard freezes you!
* * * LOW HITPOINT WARNING * * *
Okay, then.
Unknown command.
Okay, then.
Unknown command.
Unknown command.
Okay, then.
Aiming: Bolt of Light
Press: ? - help, Shift-Dir - straight line, f/p - wizard
Aim: a wizard, wielding a staff of cold and wearing a +0 robe (blue smoke, unable to see you, 60% to hit)
The bolt of light hits the wizard!
The wizard is moderately wounded.
The wizard is blinded.
The basilisk gazes at the wizard.
The orc wizard resists with significant effort.
The wizard hits you with a staff of cold!
* * * LOW HITPOINT WARNING * * *
The wizard freezes you!
You die...

#+########
#@p§...... #####
#§§§§..... #....
#lo§...... #....
#§§.§.....
#....####[.....p..
#!...#...[........
#....#))(.........
#....#'##.........
#......<#.........


You could see a wizard (blind), a basilisk (unable to see you) and an orc wizard
(wandering, unable to see you).

Vanquished Creatures
  A tengu warrior (D:9)
  3 two-headed ogres
  A centaur warrior (D:9)
  Grinder (D:6)
  2 wyverns (D:8)
  A yak (D:9)
  A basilisk (D:8)
  2 water moccasins (D:8)
  3 black bears
  3 ice beasts
  2 sky beasts (D:8)
  2 orc warriors (D:8)
  3 wolves (D:8)
  2 ogres
  A kobold brigand (D:7)
  7 bullfrogs
  4 scorpions
  7 wights
  12 killer bees
  3 howler monkeys (D:8)
  3 jellies
  4 hounds
  4 orc priests
  5 gnoll boudas
  10 iguanas
  A sleepcap (D:5)
  11 orc wizards
  23 gnolls
  14 adders
  A shadow imp (D:3)
  2 white imps (D:6)
  4 worms
  2 dart slugs
  41 orcs
  7 endoplasms
  6 giant cockroaches
  9 goblins
  12 hobgoblins
  4 jackals (D:4)
  13 kobolds
  10 quokkas
  17 ball pythons
  3 bats
  11 frilled lizards
  6 rats
284 creatures vanquished.

Vanquished Creatures (collateral kills)
  2 foxfires (D:8)
2 creatures vanquished.

Vanquished Creatures (others)
  622 foxfires
622 creatures vanquished.

Grand Total: 908 creatures vanquished

Notes
Turn   | Place    | Note
-------+----------+-------------------------------------------
     0 | D:1      | Conn the Octopode Fire Elementalist began the quest for the
                  | Orb.
     0 | D:1      | Reached XP level 1. HP: 11/11 MP: 3/3
   147 | D:1      | Reached XP level 2. HP: 17/17 MP: 3/5
   781 | D:1      | Reached XP level 3. HP: 21/21 MP: 3/6
  1242 | D:2      | Found a faded altar of an unknown god.
  1657 | D:2      | Reached XP level 4. HP: 27/27 MP: 1/7
  1838 | D:2      | Reached skill level 2 in Conjurations
  2084 | D:2      | Learned a level 2 spell: Scorch
  2088 | D:2      | Learned a level 3 spell: Inner Flame
  2513 | D:3      | Reached XP level 5. HP: 22/31 MP: 1/9
  2690 | D:3      | Found a hazy altar of Hepliaklqana.
  3220 | D:4      | Reached XP level 6. HP: 36/36 MP: 10/10
  3539 | D:3      | Learned a level 4 spell: Flame Wave
  3661 | D:3      | Reached skill level 5 in Stealth
  3661 | D:3      | Reached skill level 3 in Conjurations
  4007 | D:3      | Reached XP level 7. HP: 41/41 MP: 7/12
  4458 | D:4      | Found Duzimargh's Book Shop.
  5156 | D:4      | Found Feckox's CLEARANCE SALE!.
  5164 | D:4      | Bought a scroll of blinking for 37 gold pieces
  5164 | D:4      | Bought a scroll of teleportation for 15 gold pieces
  5235 | D:5      | Entered Level 5 of the Dungeon
  5629 | D:5      | Reached skill level 4 in Conjurations
  5662 | D:5      | Found a staircase to the Ecumenical Temple.
  5671 | D:5      | Reached skill level 1 in Hexes
  5671 | D:5      | Reached XP level 8. HP: 18/46 MP: 2/14
  5679 | Temple   | Entered the Ecumenical Temple
  5703 | Temple   | Became a worshipper of Sif Muna the Loreminder
  5743 | D:5      | Found Umupn's Antique Armour Shop.
  5761 | D:5      | Found a glowing drain.
  5774 | Sewer    | Entered a sewer
  6354 | D:5      | Reached * piety under Sif Muna
  6355 | D:5      | Reached skill level 5 in Fire Magic
  6642 | D:5      | Reached skill level 5 in Conjurations
  6765 | D:5      | Reached skill level 5 in Spellcasting
  7266 | D:6      | Noticed Grinder
  7275 | D:6      | Killed Grinder
  7276 | D:6      | Reached skill level 5 in Dodging
  7276 | D:6      | Reached XP level 9. HP: 51/51 MP: 6/17
  7755 | D:6      | Reached skill level 6 in Conjurations
  8104 | D:6      | Reached ** piety under Sif Muna
  8397 | D:4      | Bought a book of Spatial Translocations for 216 gold pieces
  8660 | D:7      | Got a fuliginous book
  8664 | D:7      | Learned a level 2 spell: Blink
  8670 | D:7      | Learned a level 5 spell: Irradiate
  8885 | D:7      | Reached skill level 1 in Transmutations
  8885 | D:7      | Reached skill level 1 in Invocations
  9165 | D:8      | Noticed a two-headed ogre
  9170 | D:8      | Killed a two-headed ogre
  9171 | D:8      | Reached skill level 1 in Translocations
  9171 | D:8      | Reached XP level 10. HP: 56/56 MP: 10/19
  9426 | D:8      | Reached skill level 7 in Conjurations
 10140 | D:8      | Reached *** piety under Sif Muna
 10248 | D:8      | Found a staircase to the Lair.
 10299 | D:8      | Found a sparkling altar of Nemelex Xobeh.
 10325 | D:8      | Found a basalt altar of Yredelemnul.
 10435 | D:9      | Found an opulent altar of Gozag.
 10477 | D:9      | Noticed a tengu warrior
 10488 | D:9      | Killed a tengu warrior
 10489 | D:9      | Reached XP level 11. HP: 37/61 MP: 0/21
 10661 | D:9      | Noticed a centaur warrior
 10665 | D:9      | Noticed a manticore
 10666 | D:9      | Killed a centaur warrior
 10666 | D:9      | Noticed a cyclops
 10866 | D:9      | Noticed a two-headed ogre
 10874 | D:9      | Killed a two-headed ogre
 10875 | D:9      | Reached skill level 8 in Conjurations
 10958 | D:9      | Noticed a two-headed ogre
 10960 | D:9      | Noticed a wizard
 10967 | D:9      | Killed a two-headed ogre
 10973 | D:9      | HP: 2/61 [wizard/staff of cold (8)]
 10973 | D:9      | Mangled by a wizard

Illustrated notes

Levels and vault maps discovered:
D:1:      dpeg_arrival_tiny_h, layout_basic
D:2:      minmay_chambers_of_twos, layout_loops_corners,
          dreamdust_ecumenical_altar_angels_and_demons
D:3:      kennysheep_six_static_rooms, layout_basic,
          nicolae_hepliaklqana_hippocampus, serial_glass, glass_columns_a,
          glass_columns_a, glass_columns_a
D:4:      layout_basic, nicolae_stop_n_shop_1, minmay_crystal_water,
          serial_bayou_pond_d, nicolae_shop_clearance
D:5:      wad_crossroads, layout_loops_ring, minmay_temple_entry_stoned_glass,
          cheibrodos_sewer_entry_bend, serial_shops, nicolae_shop_waterfront
D:6:      layout_basic, amethyst_killhole, kennysheep_another_room,
          serial_bayou_pond_b, hangedman_abyss_or_decor_lesser_grid,
          uniq_grinder
D:7:      layout_rooms, nicolae_elevator_lobby_plus
D:8:      layout_basic, mainiacjoe_overflow_swirl, minmay_lair_entry_grove
D:9:      minmay_the_grid_net [minmay_the_grid_minigrid_small_alt,
          minmay_the_grid_diamond_grid, minmay_the_grid_slots,
          minmay_the_grid_eight, minmay_the_grid_mess,
          minmay_the_grid_prize_four_corners_diamond_b], layout_grid_maze,
          nicolae_gozag_seed_capital, general_overflow_altar
Temple:   eino_wide_crystal_templ

Skill      XL: |  1  2  3  4  5  6  7  8  9 10 11 |
---------------+----------------------------------+-----
Stealth        | 3 4 5 6 |  6.0
Conjurations   | 2 3 4 5 6 7 8 |  8.1
Dodging        | 3 4 5 6 |  6.5
Spellcasting   | 3 4 5 6 7 |  7.6
Fire Magic     | 4 5 6 |  6.8
Hexes          | 1 2 3 |  3.5
Transmutations | 2 4 |  4.8
Invocations    | 1 4 |  4.6
Translocations | 1 3 4 |  4.4

Action                     |  1- 3 |  4- 6 |  7- 9 | 10-12 || total
---------------------------+-------+-------+-------+-------++-------
  Melee: Unarmed           |     7 |       |       |       ||     7
         Constrict         |     4 |    17 |    15 |     6 ||    42
         Tentacles         |     5 |    16 |    18 |    11 ||    50
         Short sword       |    14 |    17 |       |       ||    31
         Dagger            |       |    56 |    61 |    32 ||   149
         Punch             |       |       |       |     2 ||     2
  Throw: Dart              |       |       |       |     2 ||     2
   Cast: Foxfire           |    62 |    98 |   134 |    65 ||   359
         Inner Flame       |       |     1 |     8 |    12 ||    21
         Scorch            |       |     3 |    50 |    20 ||    73
         Flame Wave        |       |       |     5 |     9 ||    14
         Blink             |       |       |       |     1 ||     1
 Invoke: Channel Magic     |       |       |     1 |     1 ||     2
  Evoke: Wand              |       |       |       |     2 ||     2
    Use: Scroll            |       |       |    12 |     2 ||    14
         Potion            |       |       |     2 |     6 ||     8
   Stab: Sleeping          |     4 |     7 |    10 |       ||    21
 Armour: Skin              |    10 |    36 |    45 |    39 ||   130
  Dodge: Dodged            |    14 |    49 |    58 |    51 ||   172

Table legend: (Time is in decaauts)
 A = Elapsed time spent in this place.
 B = Non-inter-level travel time spent in this place.
 C = Inter-level travel time spent in this place.
 D = Time resting spent in this place.
 E = Time spent auto-exploring this place.
 F = Levels seen in this place.
 G = Mean time per level.
                   A        B        C        D        E       F      G
               +--------+--------+--------+--------+--------+-----+--------+
         Total |  10974 |  10742 |    232 |    832 |   7373 |  11 |  997.6 |
       Dungeon |  10470 |  10238 |    232 |    738 |   7167 |   9 | 1163.3 |
        Temple |     48 |     48 |      0 |      0 |      0 |   1 |   48.0 |
         Sewer |    455 |    455 |      0 |     94 |    206 |   1 |  455.0 |
               +--------+--------+--------+--------+--------+-----+--------+

Top non-repeatable levels by time:
     D:8: 1629 daAuts
     D:3: 1533 daAuts
     D:4: 1453 daAuts
     D:6: 1376 daAuts
     D:5: 1219 daAuts
     D:2: 1215 daAuts
     D:1: 1131 daAuts
     D:7: 731 daAuts
   Sewer: 455 daAuts
     D:9: 180 daAuts
  Temple: 48 daAuts
